 Dungeon Crawl Stone Soup version 0.30-a0-1075-gcd70e7a56d (webtiles) character file.

Game seed: 34501968171774870

96 BillyBaka the Shooter (level 4, -2/38 HPs)
             Began as a Minotaur Hunter on Apr 14, 2023.
             Was an Initiate of Okawaru.
             Slain by an ogre
             ... wielding a +0 giant spiked club
              (20 damage)
             ... on level 6 of the Dungeon.
             The game lasted 00:05:23 (1370 turns).

BillyBaka the Shooter (Minotaur Hunter)             Turns: 1370, Time: 00:05:24

Health: -2/38      AC:  3    Str: 15    XL:     4   Next: 41%
Magic:  3/3        EV: 12    Int:  6    God:    Okawaru [......]
Gold:   50         SH:  0    Dex: 16    Spells: 3/3 levels left

rFire   . . .      SeeInvis .    b - +0 hand axe (elec)
rCold   . . .      Faith    .    (no shield)
rNeg    . . .      Spirit   .    c - +0 leather armour
rPois   .          Reflect  .    (helmet restricted)
rElec   .          Rampage  .    (no cloak)
rCorr   +                        (no gloves)
Will    +....                    (no boots)
Stlth   ++                       i - amulet of regeneration
HPRegen 1.06/turn                d - ring of resist corrosion
MPRegen 0.08/turn                j - ring of willpower

@: no status effects
A: horns 2, retaliatory headbutt
a: Renounce Religion


You were on level 6 of the Dungeon.
You worshipped Okawaru.
Okawaru was noncommittal.
You visited 1 branch of the dungeon, and saw 4 of its levels.

You collected 50 gold pieces.

Inventory:

Hand Weapons
 a - a +0 shortbow
 b - a +0 hand axe of electrocution (weapon)
 e - a +0 sling
Armour
 c - a +0 leather armour (worn)
Jewellery
 d - a ring of resist corrosion (left hand)
 i - an amulet of regeneration (around neck)
 j - a ring of willpower (right hand)
 q - an amulet of the acrobat
Scrolls
 f - a scroll of identify {unknown}
 k - 2 scrolls of teleportation {unknown}
 n - a scroll of enchant weapon {unknown}
 o - a scroll of fog {unknown}
 p - a scroll of immolation
Potions
 g - 3 potions of heal wounds {unknown}
 h - a potion of curing {unknown}
 l - 2 potions of haste {unknown}
 m - a potion of mutation {unknown}
 r - a potion of lignification {unknown}


   Skills:
 + Level 3.3 Fighting
 * Level 5.3 Ranged Weapons
 + Level 3.0 Dodging
 + Level 1.7 Stealth


You had 3 spell levels left.
You didn't know any spells.
Your spell library contained the following spells:

 Spells                   Type           Power      Damage    Failure   Level
 Sandblast                Erth           0%         2d4       52%         1
 Passwall                 Tmut/Erth      0%         N/A       67%         2
 Stone Arrow              Conj/Erth      0%         3d7       88%         3


Dungeon Overview and Level Annotations

Branches:
Dungeon (3/15)

Altars:
Ashenzari
Okawaru

Shops:
D:2 =   D:3 (


Innate Abilities, Weirdness & Mutations

You have a pair of horns on your head.
You reflexively headbutt those who attack you in melee.


Message History

q - an amulet of the acrobat
There are no items here.
r - a clear potion Really walk into that teleport trap?
You enter a teleport trap!
The teleport trap disappears.
Your surroundings suddenly seem different.
An ogre comes into view. It is wielding a +0 giant spiked club.
Found 36 gold pieces.
You shoot an arrow. The ogre shouts!
The arrow hits the ogre but does no damage.
You shoot an arrow.
The arrow hits the ogre but does no damage.
You hear the crackle of electricity.
b - a +0 hand axe of electrocution (weapon)
The ogre closely misses you.
You barely miss the ogre. The ogre closely misses you.
You barely miss the ogre. You headbutt the ogre.
The ogre is lightly wounded.
You hit the ogre. You headbutt the ogre!
The ogre is heavily wounded.
The ogre hits you with a +0 giant spiked club!!
Ouch! That really hurt!
You are too injured to fight recklessly!
You are too injured to fight recklessly!
You barely miss the ogre.
The ogre is heavily wounded.
The ogre completely misses you.
Okay, then.
You hit the ogre.
The ogre is heavily wounded.
The ogre closely misses you.
You hit the ogre.
The ogre is severely wounded.
The ogre closely misses you.
You hit the ogre but do no damage.
The ogre is severely wounded.
The ogre hits you with a +0 giant spiked club!!
Ouch! That really hurt!
You die...

#########
######.......#
.............#
......$....##
####..O.......
#.....@.....#
#.##..$.....#
#........#
#.####.### #.
.# #. # #


You could see an ogre.

Vanquished Creatures
  3 adders
  4 worms (D:2)
  2 dart slugs
  2 orcs (D:3)
  4 bats
  6 endoplasms
  2 giant cockroaches (D:1)
  4 goblins (D:1)
  3 hobgoblins
  3 jackals (D:3)
  5 kobolds
  2 quokkas (D:1)
  5 ball pythons
  3 frilled lizards
48 creatures vanquished.

Notes
Turn   | Place    | Note
-------+----------+-------------------------------------------
     0 | D:1      | BillyBaka the Minotaur Hunter began the quest for the Orb.
     0 | D:1      | Reached XP level 1. HP: 18/18 MP: 0/0
    45 | D:1      | Reached skill level 1 in Stealth
    53 | D:1      | Reached XP level 2. HP: 25/25 MP: 1/1
   452 | D:1      | Reached XP level 3. HP: 30/30 MP: 2/2
   771 | D:2      | Reached skill level 5 in Ranged Weapons
   820 | D:2      | Found Baro Myagh's Jewellery Shop.
  1028 | D:2      | Reached XP level 4. HP: 38/38 MP: 3/3
  1305 | D:3      | Found Koat's Weapon Boutique.
  1332 | D:3      | Found a broken altar of Ashenzari.
  1347 | D:3      | You fall into a shaft and drop 3 floors!
  1347 | D:6      | Found an iron altar of Okawaru.
  1349 | D:6      | Noticed an ogre
  1351 | D:6      | Became a worshipper of Warmaster Okawaru
  1360 | D:6      | Noticed an ogre
  1370 | D:6      | Slain by an ogre

Illustrated notes

Levels and vault maps discovered:
D:1:      elethiomel_arrival_shortcut, layout_loops_ring
D:2:      layout_loops_ring, serial_shops, shop
D:3:      layout_basic, lemuel_doored_altar, cheibrodos_sewer_entry_sluice,
          serial_shops, shop_fountains, st_stairs_4, kennysheep_cross_room
D:6:      layout_loops_ring, lemuel_tele_altar

Skill      XL: |  1  2  3  4 |
---------------+-------------+-----
Stealth        | 1 |  1.7
Fighting       | 3 |  3.3
Ranged Weapons | 5 |  5.3
Dodging        | 3 |  3.0

Action                     |  1- 3 |  4- 6 || total
---------------------------+-------+-------++-------
  Melee: Hand axe          |     1 |     8 ||     9
         Headbutt          |       |     2 ||     2
   Fire: Shortbow          |   115 |    25 ||   140
 Armour: Leather armour    |    16 |     3 ||    19
  Dodge: Dodged            |    27 |    14 ||    41

Table legend: (Time is in decaauts)
 A = Elapsed time spent in this place.
 B = Non-inter-level travel time spent in this place.
 C = Inter-level travel time spent in this place.
 D = Time resting spent in this place.
 E = Time spent auto-exploring this place.
 F = Levels seen in this place.
 G = Mean time per level.
                   A        B        C        D        E       F      G
               +--------+--------+--------+--------+--------+-----+--------+
         Total |   1408 |   1356 |     52 |      0 |   1059 |   4 |  352.0 |
       Dungeon |   1408 |   1356 |     52 |      0 |   1059 |   4 |  352.0 |
               +--------+--------+--------+--------+--------+-----+--------+

Top non-repeatable levels by time:
     D:1: 748 daAuts
     D:2: 578 daAuts
     D:3: 57 daAuts
     D:6: 24 daAuts
